 Dungeon Crawl Stone Soup version 0.18.1-48-g4cf74bf (webtiles) character file.

1469 theElss the Destroyer (level 8, -1/46 HPs)
             Began as a High Elf Conjurer on July 19, 2016.
             Was an Initiate of Vehumet.
             Slain by a wight
             ... wielding a +0 scimitar
              (14 damage)
             ... on level 6 of the Dungeon.
             The game lasted 00:25:54 (7113 turns).

theElss the Destroyer (High Elf Conjurer)           Turns: 7113, Time: 00:25:55

Health: -1/46      AC:  5    Str:  9    XL:     8   Next: 49%
Magic:  8/21       EV: 13    Int: 20    God:    Vehumet [......]
Gold:   359        SH:  4    Dex: 15    Spells: 4 memorised, 11 levels left

rFire  . . .     SeeInvis .     d - +0 short sword
rCold  . . .     Gourm    .     m - +0 robe (curse)
rNeg   . . .     Faith    .     f - +0 buckler
rPois  .         Spirit   .     (no helmet)
rElec  .         Dismiss  .     (no cloak)
rCorr  .         Reflect  .     z - +2 pair of gloves
SustAt .         Harm     .     (no boots)
MR     .....                    (no amulet)
Stlth  +++.......               (no ring)
                                n - ring of stealth

@: drained, not resistant to hostile enchantments, fairly stealthy
A: no striking features
a: Renounce Religion


You were on level 6 of the Dungeon.
You worshipped Vehumet.
Vehumet was noncommittal.
You were hungry.

You visited 2 branches of the dungeon, and saw 7 of its levels.
You also visited: Sewer.

You collected 359 gold pieces.

Inventory:

Hand Weapons
 d - a +0 short sword (weapon)
Armour
 f - a +0 buckler (worn)
 i - a +0 leather armour
 m - a cursed +0 robe (worn)
 u - a troll hide {Purgy}
 w - the +7 scale mail of Refuge {+Inv +Fly Str-2, unknown}
   (You found it in a sewer)

   It affects your strength (-2).
   It lets you turn invisible.
   It lets you fly.
 z - a +2 pair of gloves (worn)
Jewellery
 n - a ring of stealth (left hand)
Wands
 y - a wand of iceblast (6/15)
Scrolls
 k - 6 scrolls of teleportation
 l - a scroll of enchant armour
 o - 2 scrolls of immolation
 p - 6 scrolls of remove curse
 q - a scroll of magic mapping {unknown}
 r - 2 scrolls of enchant weapon {unknown}
Potions
 a - 2 potions of ambrosia {unknown}
 e - a potion of heal wounds
 h - 3 potions of cancellation
 j - 4 potions of agility
 s - 3 potions of curing
 t - a potion of haste {unknown}
 v - a potion of flight {unknown}
 B - a potion of mutation {unknown}
 C - a potion of lignification {unknown}
Books
 b - a book of Conjurations

   Spells                             Type                      Level
   a - Magic Dart                     Conjuration                  1
   b - Searing Ray                    Conjuration                  2
   c - Dazzling Spray                 Conjuration/Hexes            3
   d - Fulminant Prism                Conjuration/Hexes            4
   e - Iskenderun's Mystic Blast      Conjuration                  4
   f - Iskenderun's Battlesphere      Conjuration/Charms           5
Comestibles
 c - 5 bread rations
 g - 6 meat rations
 x - a slice of pizza


   Skills:
 + Level 0.5(0.0) Short Blades
 + Level 4.4(3.8) Dodging
 - Level 2.1(1.6) Stealth
 + Level 1.0(0.5) Shields
 + Level 8.2(7.6) Spellcasting
 + Level 8.6(8.0) Conjurations


You had 11 spell levels left.
You knew the following spells:

 Your Spells              Type           Power        Failure   Level  Hunger
a - Magic Dart            Conj           ####         1%          1    None
b - Iskenderun's Battles  Conj/Chrm      ###.....     83%         5    #####..
c - Searing Ray           Conj           #####.       1%          2    None
d - Iskenderun's Mystic   Conj           #####...     8%          4    ###....


Dungeon Overview and Level Annotations

Branches:
Dungeon (6/15)             Temple (1/1) D:6

Altars:
Cheibriados
Dithmenos
Fedhas
Gozag
Kikubaaqudgha
Nemelex Xobeh
Qazlal
Ru
Sif Muna
Trog
Vehumet
Xom
Yredelemnul
Zin

Annotations:
D:5 Eustachio


Message History

Confirm with . or Enter, or press ? or * to list all spells.
Aiming: Iskenderun's Mystic Blast
Press: ? - help, Shift-Dir - straight line, f/p - wight
Aim: a wight, wielding an enchanted morningstar and wearing a glowing robe (heavily damaged)
The orb of energy hits the wight.
The wight is almost destroyed.
The orb of energy explodes!
The mystic blast hits the wight.
The wight is heavily damaged.
The wight hits you with a scimitar!
You feel drained.
* * * LOW HITPOINT WARNING * * *
Casting: Iskenderun's Mystic Blast
Confirm with . or Enter, or press ? or * to list all spells.
Aiming: Iskenderun's Mystic Blast
Press: ? - help, Shift-Dir - straight line, f/p - wight
Aim: a wight, wielding an enchanted morningstar and wearing a glowing robe (almost destroyed)
The orb of energy hits the wight.
You destroy the wight!
Vehumet accepts your kill. The wight hits you with a scimitar!
You die...

#.....#
#....##.#
#.....#
#....##.#
#.....#
#....##.#
#.....#
#.......#
#######
####.#### ..##.#
# #.##.#
.##.#.#####.##.#
..z....z@##.##.#
###.#.##)##.##.#
# #.......#
#.......####
#########


You could see 2 wights.

Vanquished Creatures
  Purgy (Sewer)
  4 ogres
  A centaur (D:5)
  Blork the orc (D:5)
  A giant frog (D:6)
  2 scorpions
  5 wights (D:6)
  3 crimson imps
  An orc priest (D:4)
  An iguana (D:6)
  2 orc wizards (D:4)
  4 worker ants
  2 hound skeletons
  A worker ant zombie (D:6)
  4 adders
  A howler monkey skeleton (D:4)
  3 river rats (D:5)
  2 shadow imps (D:5)
  An ooze (D:4)
  An adder zombie (D:5)
  3 worms
  A dart slug (D:1)
  6 orcs
  A ball python (D:1)
  4 giant cockroaches
  5 goblins
  7 hobgoblins
  6 jackals
  3 quokkas
  11 bats
  A giant cockroach zombie (D:5)
  A giant gecko skeleton (D:5)
  5 giant newts
  10 kobolds
  14 rats
119 creatures vanquished.

Notes
Turn   | Place    | Note
--------------------------------------------------------------
     0 | D:1      | theElss the High Elf Conjurer began the quest for the Orb.
     0 | D:1      | Reached XP level 1. HP: 11/11 MP: 4/4
   573 | D:1      | Reached XP level 2. HP: 17/17 MP: 4/6
   577 | D:1      | Learned a level 2 spell: Searing Ray
  1239 | D:2      | Reached skill level 5 in Conjurations
  1527 | D:2      | Reached XP level 3. HP: 21/21 MP: 5/8
  1748 | D:2      | Found a glowing silver altar of Zin.
  1748 | D:2      | Noticed an angel
  1960 | D:2      | Found a faded altar to an unknown god.
  2471 | D:3      | Found an opulent altar of Gozag.
  2572 | D:3      | Found a blossoming altar of Fedhas.
  2621 | D:3      | Found a basalt altar of Yredelemnul.
  3008 | D:3      | Reached XP level 4. HP: 27/27 MP: 7/9
  3014 | D:3      | Learned a level 4 spell: Iskenderun's Mystic Blast
  3638 | D:4      | Noticed an ogre
  3693 | D:4      | Reached XP level 5. HP: 31/31 MP: 5/12
  3757 | D:4      | Learned a level 5 spell: Iskenderun's Battlesphere
  3924 | D:4      | Noticed an ogre
  4054 | D:4      | Found a sparkling altar of Nemelex Xobeh.
  4147 | D:5      | Entered Level 5 of the Dungeon
  4219 | D:5      | Found a glowing drain.
  4380 | Sewer    | Entered a sewer
  4464 | Sewer    | Noticed Purgy
  4497 | Sewer    | Killed Purgy
  4497 | Sewer    | Reached skill level 5 in Spellcasting
  4497 | Sewer    | Reached XP level 6. HP: 36/36 MP: 5/14
  4577 | Sewer    | Got a steaming scale mail
  4690 | D:5      | Noticed Blork the orc
  4967 | D:5      | Noticed Eustachio
  5064 | D:5      | Found a radiant altar of Vehumet.
  5072 | D:5      | Reached XP level 7. HP: 28/41 MP: 5/16
  5253 | D:5      | Became a worshipper of Vehumet
  6182 | D:5      | Killed Blork the orc
  6182 | D:5      | Reached skill level 1 in Shields
  6182 | D:5      | Reached XP level 8. HP: 46/46 MP: 1/19
  6439 | D:5      | Found a bloodstained altar of Trog.
  6745 | D:6      | Found a staircase to the Ecumenical Temple.
  6762 | Temple   | Entered the Ecumenical Temple
  7113 | D:6      | Slain by a wight

Skill      XL: |  1  2  3  4  5  6  7  8 |
---------------+-------------------------+-----
Conjurations   | 5 6 7 8 |  8.6
Spellcasting   | 3 4 5 7 8 |  8.2
Dodging        | 3 4 |  4.4
Shields        | 1 |  1.0
Short Blades   | |  0.5
Stealth        | |  2.1

Action                   |  1- 3 |  4- 6 |  7- 9 || total
-------------------------+-------+-------+-------++-------
Melee: Short sword       |     3 |     2 |     7 ||    12
 Cast: Magic Dart        |   105 |    70 |    53 ||   228
       Searing Ray       |     3 |    11 |    19 ||    33
       Iskenderun's Myst |       |       |    15 ||    15
  Use: Scroll            |       |     8 |       ||     8
  Eat: Chunk             |     6 |     7 |     7 ||    20
Armor: Robe              |     1 |     1 |     1 ||     3
       Leather armour    |     2 |       |       ||     2
Dodge: Dodged            |    10 |     9 |    19 ||    38
Block: Buckler           |     5 |     3 |     2 ||    10
